 Dungeon Crawl Stone Soup version 0.17.1-3-g152610e (webtiles) character file.

7142 onionbog the Grappler (level 10, 0/132 HPs)
             Began as a Troll Berserker on Feb 29, 2016.
             Was a High Priest of Trog.
             Succumbed to an orc warrior's poison
             ... on level 11 of the Dungeon.
             The game lasted 00:31:03 (7825 turns).

onionbog the Grappler (Troll Berserker)             Turns: 7825, Time: 00:31:04

Health: 0/132      AC: 12    Str: 32    XL:     10   Next: 85%
Magic:  9/9        EV: 13    Int:  4    God:    Trog [*****.]
Gold:   647        SH:  0    Dex: 11    Spells: 0 memorised, 9 levels left

rFire  . . .     SeeInvis +       - Unarmed
rCold  . . .     Clarity  .     n - +2 robe {rN+}
rNeg   + . .     SustAt   .     (no shield)
rPois  .         Gourm    +     (helmet restricted)
rElec  .         Spirit   .     g - +1 cloak
rCorr  .         Warding  .     (gloves unavailable)
rMut   .         Stasis   .     (boots unavailable)
MR     .....                    (no amulet)
Stlth  ..........               F - +3 ring of protection
                                y - ring of see invisible

@: berserking, lethally poisoned (0 -> -27), very quick, not resistant to
hostile enchantments, extremely unstealthy
A: unfitting armour, claws 3, fast metabolism 3, gourmand, regeneration 2,
shaggy fur 1, tough skin 2
a: Berserk, Trog's Hand, Brothers in Arms, Burn Spellbooks, Renounce Religion


You were on level 11 of the Dungeon.
You worshipped Trog.
Trog was extremely pleased with you.
You were very full.

You visited 2 branches of the dungeon, and saw 12 of its levels.
You also visited: Sewer.

You collected 647 gold pieces.

Inventory:

Hand Weapons
 e - a +2 club of venom
 o - the +3 hunting sling "Rem Usoe" {venom, Int+3}
   (You found it on level 8 of the Dungeon)

   It poisons the ammo it fires.
   It affects your intelligence (+3).
 E - a +0 great sword of protection
Missiles
 L - 5 large rocks (quivered)
Armour
 a - a +0 animal skin
 g - a +1 cloak (worn)
 n - a +2 robe of positive energy (worn)
 D - a troll hide
Jewellery
 f - an uncursed ring of loudness
 l - an uncursed amulet of resist corrosion
 y - a ring of see invisible (left claw)
 B - an uncursed ring of sustain attributes
 F - a +3 ring of protection (right claw)
 I - an uncursed ring of teleportation
 K - an uncursed amulet of faith
 O - an uncursed amulet of stasis
Wands
 j - a wand of draining (9)
 x - a wand of cold (2)
 H - a wand of disintegration (10)
Scrolls
 i - 4 scrolls of remove curse
 q - 5 scrolls of identify
 t - 5 scrolls of teleportation
 v - a scroll of recharging
 z - a scroll of magic mapping {unknown}
 A - a scroll of blinking
 G - a scroll of enchant weapon
 J - 2 scrolls of holy word {unknown}
 N - a scroll of acquirement {unknown}
 P - a scroll of fog
Potions
 c - a potion of haste
 k - 2 potions of curing
 r - 5 potions of flight
 s - a potion of invisibility
 w - 2 potions of brilliance
 C - 2 potions of magic {unknown}
Comestibles
 b - 12 bread rations
 d - 6 meat rations
 h - 3 beef jerkies
 m - a royal jelly
 p - 5 fruits
 u - 2 slices of pizza
 M - 3 chunks of flesh


   Skills:
 - Level 2.4 Fighting
 + Level 8.4 Dodging
 * Level 13.6 Unarmed Combat


You had 9 spell levels left.
You didn't know any spells.

Dungeon Overview and Level Annotations

Branches:
Dungeon (11/15)            Temple (1/1) D:5            Lair (0/8) D:10
    Orc: D:9-12

Altars:
Ashenzari
Cheibriados
Elyvilon
Fedhas
Gozag
Nemelex Xobeh
Okawaru
Qazlal
Ru
Sif Muna
Trog
Vehumet
Xom
Yredelemnul
Zin
The Shining One


Innate Abilities, Weirdness & Mutations

You are too large for most types of armour.
You have claws for hands.
Your metabolism is lightning-fast.
You like to eat raw meat.
You heal very quickly.
You are covered in fur (AC +1).
You have very tough skin (AC +2).


Message History

Things that are here:
a ring mail; an orc corpse You claw the centaur!
The centaur is severely wounded.
* * * LOW HITPOINT WARNING * * *
You feel sick.
The worker ant moves out of view.
The orc barely misses you.
You mangle the centaur!!
You kill the centaur!
Trog accepts your kill.
* * * LOW HITPOINT WARNING * * *
You feel sick. The orc warrior barely misses you.
You mangle the killer bee!!
You kill the killer bee!
Trog accepts your kill.
* * * LOW HITPOINT WARNING * * *
You feel sick. The orc misses you. The orc barely misses you.
An eye of draining comes into view.
You claw the orc warrior! Your claw misses the orc warrior.
The orc warrior is moderately wounded.
You die...

## #####.....####.# #
##.....###......###
####..###.#
####..###.
..........## ##.###.
##.#.....######...#.
###>#.###.....#..#...
#..a#.# #####.......#
#oo# #..†..).... #@##
#...##..).#.. #o)# .
# #..<.#.. .G.##
##..##.. ...##
#####.. ..... ##.
.... ## ... # ...


You could see an eye of draining, an orc warrior, a worker ant and 2 orcs.

Vanquished Creatures
  3 hill giants
  The ghost of oldnick the Magician, a novice DECj of Vehumet (D:7)
  Psyche (D:8)
  2 trolls (D:9)
  The ghost of Grim the Shooter, an amateur CeHu (D:6)
  A wyvern (D:11)
  Eustachio (D:5)
  A steam dragon (D:8)
  A hungry ghost (D:11)
  The ghost of trgk the Changer, an amateur MfTm of Okawaru (D:3)
  A hippogriff (D:11)
  A sky beast (D:7)
  A black bear (D:7)
  A phantom (D:9)
  A necrophage (D:8)
  4 ice beasts
  5 orc warriors
  A wasp (D:9)
  3 centaurs
  2 ogres
  2 giant frogs
  5 scorpions
  8 killer bees
  A giant frog zombie (D:7)
  2 jellies
  3 centaur zombies
  A giant frog skeleton (D:6)
  3 crimson imps
  4 orc priests
  4 hounds
  5 orc wizards
  2 iguanas
  4 worker ants
  A hound skeleton (D:5)
  A hound zombie (D:6)
  9 gnolls
  13 adders
  2 shadow imps (D:11)
  An adder zombie (D:7)
  5 worms
  2 adder skeletons
  30 orcs
  6 giant cockroaches
  6 goblins
  7 hobgoblins
  3 kobolds (D:1)
  10 quokkas
  3 ball pythons
  13 bats
  4 giant geckos
  2 giant gecko skeletons
  9 giant newts
  7 jackals
  A quokka skeleton (D:6)
  A quokka zombie (D:6)
  8 rats
  A bush (D:4)
222 creatures vanquished.

Vanquished Creatures (others)
  A goblin (D:1)
1 creature vanquished.

Grand Total: 223 creatures vanquished

Notes
Turn   | Place    | Note
--------------------------------------------------------------
     0 | D:1      | onionbog the Troll Berserker began the quest for the Orb.
     0 | D:1      | Reached XP level 1. HP: 22/22 MP: 0/0
   346 | D:1      | Reached XP level 2. HP: 29/29 MP: 1/1
   780 | D:2      | Reached XP level 3. HP: 36/36 MP: 2/2
   819 | D:2      | Reached skill level 4 in Unarmed Combat
  1205 | D:3      | Found a bloodstained altar of Trog.
  1358 | D:3      | Reached ** piety under Trog
  1603 | D:3      | Reached XP level 4. HP: 42/44 MP: 3/3
  1610 | D:3      | Found a glowing drain.
  1614 | Sewer    | Entered a sewer
  2075 | D:3      | Noticed trgk's ghost (amateur MfTm)
  2091 | D:3      | Killed trgk's ghost
  2091 | D:3      | Reached skill level 5 in Unarmed Combat
  2091 | D:3      | Reached XP level 5. HP: 50/50 MP: 4/4
  2872 | D:4      | Found a white marble altar of Elyvilon.
  3156 | D:5      | Entered Level 5 of the Dungeon
  3210 | D:5      | Reached XP level 6. HP: 23/59 MP: 5/5
  3331 | D:5      | Found a staircase to the Ecumenical Temple.
  3351 | Temple   | Entered the Ecumenical Temple
  3532 | D:5      | Reached skill level 6 in Unarmed Combat
  3538 | D:5      | Reached *** piety under Trog
  3732 | D:5      | Found a sacrificial altar of Ru.
  3773 | D:5      | Noticed Eustachio
  3815 | D:5      | Killed Eustachio
  3815 | D:5      | Reached XP level 7. HP: 57/66 MP: 6/6
  4181 | D:6      | Found a radiant altar of Vehumet.
  4190 | D:6      | Reached skill level 7 in Unarmed Combat
  4379 | D:6      | Noticed Grim's ghost (amateur CeHu)
  4389 | D:6      | Killed Grim's ghost
  4512 | D:6      | Reached skill level 5 in Dodging
  4512 | D:6      | Reached skill level 8 in Unarmed Combat
  4512 | D:6      | Reached XP level 8. HP: 74/74 MP: 7/7
  4622 | D:6      | Reached skill level 9 in Unarmed Combat
  4819 | D:7      | Noticed oldnick's ghost (novice DECj)
  4840 | D:7      | Killed oldnick's ghost
  5054 | D:7      | Found a glowing silver altar of Zin.
  5108 | D:7      | Reached skill level 10 in Unarmed Combat
  5381 | D:7      | Reached XP level 9. HP: 76/80 MP: 8/8
  5385 | D:7      | Reached **** piety under Trog
  5397 | D:7      | Found a deep blue altar of Sif Muna.
  5732 | D:7      | Found a stormy altar of Qazlal.
  5981 | D:8      | Got a fine hunting sling
  5982 | D:8      | Identified the cursed +3 hunting sling "Rem Usoe" {venom, Int+3} (You found it on level 8 of the Dungeon)
  6098 | D:8      | Noticed Psyche
  6110 | D:8      | Killed Psyche
  6110 | D:8      | Reached skill level 11 in Unarmed Combat
  6719 | D:9      | Reached skill level 12 in Unarmed Combat
  6719 | D:9      | Reached XP level 10. HP: 72/88 MP: 9/9
  6810 | D:9      | Reached ***** piety under Trog
  7153 | D:10     | Entered Level 10 of the Dungeon
  7188 | D:10     | Found a staircase to the Lair.
  7509 | D:10     | Noticed a hill giant
  7520 | D:10     | Killed a hill giant
  7607 | D:11     | Reached skill level 13 in Unarmed Combat
  7653 | D:11     | Noticed a hill giant
  7655 | D:11     | Noticed a hill giant
  7663 | D:11     | Killed a hill giant
  7671 | D:11     | Killed a hill giant
  7821 | D:11     | HP: 6/132 [orc warrior/trident of venom (12)]
  7824 | D:11     | HP: 1/132 [poisoned by an orc warrior]
  7825 | D:11     | Succumbed to an orc warrior's poison

Action                   |  1- 3 |  4- 6 |  7- 9 | 10-12 || total
-------------------------+-------+-------+-------+-------++-------
Melee: Unarmed           |   115 |   200 |   276 |   186 ||   777
Invok: Berserk           |       |     2 |     1 |     2 ||     5
       Burn Spellbooks   |       |       |     1 |       ||     1
  Use: Scroll            |     3 |     7 |     6 |     4 ||    20
       Potion            |       |     7 |       |     2 ||     9
  Eat: Chunk             |    20 |    20 |    31 |    21 ||    92
       Meat ration       |       |       |       |     1 ||     1
